General information
			
			
        
        - name: BNet
 
        - type: Ladder team game (AT/RT)
 
        - host: Battle.net
 
        - saver: i-DONT-towerush
 
        
map: Cherryville 
        - players: 8
 
        - length: 19:08
 
        - speed: Fast
 - version: 1.22 W3XP
 - replay type:  Public
 
» download(77 KB)
Players
        team 1 (winner) 
              
              
» 
AlleySweeper (
teal | 20 APM | 387 actions | 19:07)
              
 6 Far Seer 
 2 Feral Spirit
 3 Chain Lighting
 1 Earth Quake
 
                » actions 
                
                | Build / train | 50 |  | 
| Enter build submenu | 14 |  | 
| Enter hero's abilities submenu | 6 |  | 
| Right click | 128 |  | 
| Select / deselect | 156 |  | 
| Use ability | 33 |  | 
                387 total
 » units 
                
                | Peon | 10 |  | 
| Grunt | 5 |  | 
| Shaman | 6 |  | 
| Troll Witch Doctor | 5 |  | 
| Tauren | 6 |  | 
                32 total
 » upgrades
                
                | Armor | 2 |  | 
| Shaman Training | 2 |  | 
| Witch Doctor Training | 2 |  | 
| Melee Weapons | 2 |  | 
| Pulverize | 1 |  | 
                9 total
 » buildings
                
                | Altar of Storms | 1 |  | 
| Orc Burrow | 7 |  | 
| Barracks | 1 |  | 
| War Mill | 1 |  | 
| Stronghold | 1 |  | 
| Spirit Lodge | 2 |  | 
| Fortress | 1 |  | 
| Tauren Totem | 2 |  | 
                16 total
 » build order
                00:35 Altar of Storms
00:40 Orc Burrow
01:34 Barracks
01:37 Orc Burrow
03:10 War Mill
03:15 Orc Burrow
03:41 Stronghold
04:15 Orc Burrow
05:09 Orc Burrow
06:55 Spirit Lodge
07:00 Spirit Lodge
08:14 Fortress
10:50 Tauren Totem
10:55 Tauren Totem
12:24 Orc Burrow
13:24 Orc Burrow
 
               
              
              
QQ_NooB (
pink | 19 APM | 372 actions | 19:07)
              
 3 Death Knight 
 1 Death Coil
 2 Unholy Aura
 
                » actions 
                
                | Basic commands | 8 |  | 
| Build / train | 59 |  | 
| Enter build submenu | 16 |  | 
| Enter hero's abilities submenu | 3 |  | 
| Remove unit from queue | 2 |  | 
| Right click | 101 |  | 
| Select / deselect | 159 |  | 
| Use ability | 24 |  | 
                372 total
 » units 
                
                | Acolyte | 10 |  | 
| Ghoul | 8 |  | 
| Crypt Fiend | 12 |  | 
| Frost Wyrm | 14 |  | 
                44 total
 » upgrades
                
                | Creature Attack | 3 |  | 
| Creature Carapace | 3 |  | 
| Freezing Breath | 1 |  | 
                7 total
 » buildings
                
                | Ziggurat | 9 |  | 
| Altar of Darkness | 1 |  | 
| Graveyard | 1 |  | 
| Crypt | 1 |  | 
| Halls of the Dead | 1 |  | 
| Black Citadel | 1 |  | 
| Sacrificial Pit | 1 |  | 
| Boneyard | 2 |  | 
                17 total
 » build order
                00:07 Ziggurat
00:11 Altar of Darkness
00:19 Graveyard
01:23 Crypt
01:41 Ziggurat
01:59 Ziggurat
02:57 Ziggurat
05:21 Ziggurat
05:32 Halls of the Dead
07:57 Black Citadel
08:07 Ziggurat
09:21 Ziggurat
09:52 Sacrificial Pit
10:47 Boneyard
10:53 Boneyard
14:43 Ziggurat
14:50 Ziggurat
 
               
              
              
p_d (
orange | 38 APM | 733 actions | 19:07)
              
 4 Paladin 
 2 Holy Light
 2 Divine Shield
 4 Goblin Tinker 
 2 Pocket Factory
 1 Engineering Upgrade
 1 Cluster Rockets
 
                » actions 
                
                | Build / train | 47 |  | 
| Enter build submenu | 20 |  | 
| Enter hero's abilities submenu | 8 |  | 
| Remove unit from queue | 2 |  | 
| Right click | 474 |  | 
| Select / deselect | 149 |  | 
| Use ability | 33 |  | 
                733 total
 » units 
                
                | Peasant | 9 |  | 
| Footman | 2 |  | 
| Priest | 2 |  | 
| Rifleman | 16 |  | 
                29 total
 » upgrades
                
                | Animal War Training | 0 |  | 
| Long Rifles | 1 |  | 
| Gunpowder | 1 |  | 
| Armor | 1 |  | 
                3 total
 » buildings
                
                | Altar of Kings | 1 |  | 
| Farm | 12 |  | 
| Barracks | 2 |  | 
| Lumber Mill | 1 |  | 
| Blacksmith | 1 |  | 
| Keep | 1 |  | 
| Scout Tower | 1 |  | 
| Guard Tower | 1 |  | 
| Arcane Vault | 1 |  | 
| Castle | 1 |  | 
| Arcane Sanctum | 1 |  | 
                23 total
 » build order
                00:21 Altar of Kings
00:25 Farm
01:08 Farm
01:44 Barracks
01:50 Farm
02:05 Lumber Mill
02:35 Farm
03:10 Blacksmith
03:27 Keep
03:47 Scout Tower
04:55 Farm
05:00 Guard Tower
05:05 Arcane Vault
06:38 Farm
06:41 Castle
06:47 Arcane Sanctum
06:54 Barracks
07:46 Farm
09:37 Farm
12:00 Farm
14:07 Farm
15:05 Farm
16:19 Farm
 
               
              
              
i-DONT-towerush (
purple | 40 APM | 772 actions | 19:08)
              
 5 Archmage 
 3 Summon Water Elemental
 2 Brilliance Aura
 
                » actions 
                
                | Assign group hotkey | 15 |  | 
| Basic commands | 33 |  | 
| Build / train | 55 |  | 
| ESC pressed | 7 |  | 
| Enter build submenu | 35 |  | 
| Enter hero's abilities submenu | 5 |  | 
| Right click | 239 |  | 
| Select / deselect | 168 |  | 
| Select group hotkey | 140 |  | 
| Use ability | 75 |  | 
                772 total
 » units 
                
                | Peasant | 16 |  | 
| Dragonhawk Rider | 3 |  | 
| Gryphon Rider | 6 |  | 
                25 total
 » upgrades
                
                | Cloud | 1 |  | 
| Storm Hammers | 1 |  | 
| Swords | 3 |  | 
| Armor | 2 |  | 
                7 total
 » buildings
                
                | Altar of Kings | 1 |  | 
| Farm | 15 |  | 
| Lumber Mill | 1 |  | 
| Scout Tower | 14 |  | 
| Guard Tower | 11 |  | 
| Arcane Tower | 1 |  | 
| Arcane Vault | 1 |  | 
| Keep | 1 |  | 
| Castle | 1 |  | 
| Gryphon Aviary | 4 |  | 
| Town Hall | 1 |  | 
| Blacksmith | 1 |  | 
                52 total
 » build order
                00:07 Altar of Kings
00:09 Farm
00:11 Farm
00:57 Lumber Mill
01:12 Farm
02:01 Scout Tower
02:37 Scout Tower
02:37 Scout Tower
02:41 Scout Tower
03:06 Guard Tower
03:08 Guard Tower
03:21 Guard Tower
03:23 Scout Tower
03:26 Scout Tower
03:38 Arcane Tower
03:45 Guard Tower
03:47 Scout Tower
03:58 Guard Tower
04:10 Guard Tower
04:12 Scout Tower
04:13 Scout Tower
04:36 Guard Tower
04:37 Guard Tower
04:56 Arcane Vault
06:09 Scout Tower
06:11 Scout Tower
06:31 Keep
06:41 Guard Tower
06:44 Scout Tower
06:45 Scout Tower
06:49 Scout Tower
07:00 Guard Tower
07:16 Guard Tower
07:36 Farm
07:37 Farm
07:38 Farm
07:44 Farm
07:45 Farm
07:46 Farm
07:47 Farm
07:55 Farm
07:55 Farm
07:58 Farm
07:58 Farm
07:59 Farm
09:04 Castle
09:10 Gryphon Aviary
09:12 Gryphon Aviary
09:14 Gryphon Aviary
09:18 Gryphon Aviary
09:33 Town Hall
13:08 Blacksmith
» items
                
                | Lesser Clarity Potion | 2 |  | 
| Scroll of Regeneration | 1 |  | 
                3 total
  
               team 2 (loser) 
              
              
bl00d_fl00d_US (
yellow | 40 APM | 276 actions | 06:53)
              
 2 Paladin 
 1 Holy Light
 1 Devotion Aura
 
                » actions 
                
                | Assign group hotkey | 5 |  | 
| Build / train | 28 |  | 
| Enter build submenu | 15 |  | 
| Enter hero's abilities submenu | 2 |  | 
| Right click | 91 |  | 
| Select / deselect | 89 |  | 
| Select group hotkey | 26 |  | 
| Use ability | 20 |  | 
                276 total
 » units 
                » upgrades
                
                | Masonry | 1 |  | 
| Swords | 1 |  | 
| Defend | 1 |  | 
| Plating | 1 |  | 
                4 total
 » buildings
                
                | Altar of Kings | 1 |  | 
| Farm | 5 |  | 
| Lumber Mill | 1 |  | 
| Barracks | 1 |  | 
| Scout Tower | 3 |  | 
| Arcane Tower | 1 |  | 
| Blacksmith | 1 |  | 
| Guard Tower | 2 |  | 
| Arcane Vault | 1 |  | 
| Town Hall | 1 |  | 
                17 total
 » build order
                00:24 Altar of Kings
00:38 Farm
00:55 Lumber Mill
01:03 Barracks
01:08 Farm
01:53 Farm
01:59 Scout Tower
02:08 Scout Tower
02:27 Arcane Tower
02:45 Blacksmith
02:59 Farm
03:28 Guard Tower
03:39 Scout Tower
04:20 Guard Tower
04:52 Farm
06:05 Arcane Vault
06:21 Town Hall
 
               
              
              
AFK_5MINS (
blue | 34 APM | 235 actions | 06:56)
              
 1 Demon Hunter 
 1 Immolation
 
                » actions 
                
                | Assign group hotkey | 12 |  | 
| Basic commands | 8 |  | 
| Build / train | 20 |  | 
| Enter build submenu | 14 |  | 
| Enter hero's abilities submenu | 3 |  | 
| Remove unit from queue | 1 |  | 
| Right click | 33 |  | 
| Select / deselect | 109 |  | 
| Select group hotkey | 23 |  | 
| Use ability | 12 |  | 
                235 total
 » units 
                
                | Wisp | 11 |  | 
| Huntress | 3 |  | 
| Glaive Thrower | 1 |  | 
                15 total
 » buildings
                
                | Moon Well | 4 |  | 
| Altar of Elders | 1 |  | 
| Ancient of War | 2 |  | 
| Hunter's Hall | 1 |  | 
| Tree of Ages | 1 |  | 
| Ancient Protector | 1 |  | 
| Tree of Eternity | 1 |  | 
                11 total
 » build order
                00:21 Moon Well
00:35 Altar of Elders
01:16 Moon Well
02:11 Ancient of War
02:14 Hunter's Hall
02:26 Moon Well
03:36 Tree of Ages
03:54 Moon Well
04:38 Ancient of War
06:04 Ancient Protector
06:30 Tree of Eternity
 
               
              
              
wetz42 (
red | 33 APM | 623 actions | 19:06)
              
 1 Crypt Lord 
 1 Carrion Beetles
 
                » actions 
                
                | Assign group hotkey | 7 |  | 
| Basic commands | 5 |  | 
| Build / train | 70 |  | 
| Enter build submenu | 23 |  | 
| Enter hero's abilities submenu | 1 |  | 
| Right click | 243 |  | 
| Select / deselect | 219 |  | 
| Select group hotkey | 4 |  | 
| Use ability | 51 |  | 
                623 total
 » units 
                
                | Acolyte | 3 |  | 
| Ghoul | 4 |  | 
| Crypt Fiend | 4 |  | 
| Gargoyle | 7 |  | 
| Necromancer | 8 |  | 
| Huntress | 11 |  | 
| Rifleman | 10 |  | 
| Wisp | 9 |  | 
| Abomination | 1 |  | 
                57 total
 » upgrades
                
                | Skeletal Longevity | 1 |  | 
| Web | 1 |  | 
| Necromancer Training | 2 |  | 
| Skeletal Mastery | 1 |  | 
                5 total
 » buildings
                
                | Crypt | 1 |  | 
| Altar of Darkness | 1 |  | 
| Ziggurat | 9 |  | 
| Graveyard | 1 |  | 
| Halls of the Dead | 1 |  | 
| Slaughterhouse | 2 |  | 
| Temple of the Damned | 2 |  | 
| Spirit Tower | 1 |  | 
| Nerubian Tower | 1 |  | 
| Keep | 1 |  | 
| Tree of Eternity | 1 |  | 
| Black Citadel | 1 |  | 
| Moon Well | 1 |  | 
| Ancient Protector | 7 |  | 
                30 total
 » build order
                00:42 Crypt
00:46 Altar of Darkness
00:50 Ziggurat
02:00 Graveyard
02:19 Ziggurat
03:36 Halls of the Dead
03:43 Ziggurat
05:50 Ziggurat
06:26 Slaughterhouse
06:28 Slaughterhouse
07:42 Temple of the Damned
07:44 Temple of the Damned
07:56 Ziggurat
08:14 Ziggurat
08:57 Ziggurat
09:55 Spirit Tower
10:07 Nerubian Tower
10:52 Keep
10:55 Tree of Eternity
11:45 Ziggurat
11:51 Ziggurat
12:32 Black Citadel
13:30 Moon Well
14:14 Ancient Protector
14:18 Ancient Protector
14:22 Ancient Protector
14:25 Ancient Protector
14:30 Ancient Protector
14:33 Ancient Protector
15:22 Ancient Protector
 
               
              
              
ItsJustMeAgain (
green | 20 APM | 142 actions | 07:03)
              
 1 Blood Mage 
 1 Banish
 
                » actions 
                
                | Basic commands | 9 |  | 
| Build / train | 20 |  | 
| Enter build submenu | 8 |  | 
| Enter hero's abilities submenu | 2 |  | 
| Right click | 24 |  | 
| Select / deselect | 63 |  | 
| Use ability | 16 |  | 
                142 total
 » units 
                » upgrades
                » buildings
                
                | Barracks | 1 |  | 
| Altar of Kings | 1 |  | 
| Farm | 3 |  | 
| Lumber Mill | 1 |  | 
| Blacksmith | 1 |  | 
| Scout Tower | 2 |  | 
| Keep | 1 |  | 
| Guard Tower | 2 |  | 
                12 total
 » build order
                00:14 Barracks
00:26 Altar of Kings
00:46 Farm
00:48 Farm
01:54 Lumber Mill
02:10 Farm
03:39 Blacksmith
03:48 Scout Tower
04:07 Keep
04:15 Scout Tower
04:18 Guard Tower
04:50 Guard Tower
 
                Chat log
          
(04:01 / Allies) i-DONT-towerush: come niggers
(04:05 / Allies) AlleySweeper: omw
(04:07 / Allies) QQ_NooB: lolololo
(04:31 / All) i-DONT-towerush: YET ANOTHER FALLS FOR MY TRICKY NAME
(04:40 / Allies) p_d: lol haha
(04:43 / All) bl00d_fl00d_US: plz....
(04:44 / All) wetz42: rolf
(05:39 / All) wetz42: green r u horible
(05:46 / Allies) i-DONT-towerush: kill glaive
(06:53 / All) bl00d_fl00d_US: WOW lol why bother...
(06:59 / Allies) QQ_NooB: lol
(07:02 / Allies) QQ_NooB: gj purp
(07:07 / Allies) AlleySweeper: very nicely done purp
(07:10 / All) i-DONT-towerush: MY NAME FOOLS EVERYONE
(07:13 / All) i-DONT-towerush: DO NOT DESPAIR
(07:20 / Allies) QQ_NooB: LOL
(07:27 / All) wetz42: its cool im pro enough for u guys
(10:08 / Allies) i-DONT-towerush: getting cloud
(10:13 / Allies) i-DONT-towerush: if u wanna wait a bit
(10:17 / Allies) QQ_NooB: getting frost wyrms
(10:19 / Allies) i-DONT-towerush: like 5 min
(10:23 / Allies) AlleySweeper: shams docs
(11:25 / Allies) i-DONT-towerush: lets go around
(11:29 / Allies) i-DONT-towerush: actually
(11:32 / Allies) i-DONT-towerush: fuck red
(11:35 / Allies) i-DONT-towerush: lets go up
(11:37 / Allies) p_d: lets attck other bases
(13:50 / All) i-DONT-towerush: so
(14:02 / All) i-DONT-towerush: hows the ol' anus doing
(16:00 / All) wetz42: u guys wanna just leave
(16:07 / All) i-DONT-towerush: you wanna just suck me off
(16:24 / All) i-DONT-towerush: gonna stay just to watch your mass towers get clouded?
(16:38 / All) wetz42: good thing they were free
(18:20 / All) wetz42: wow u just got fucking owned gg noobs
(18:26 / All) i-DONT-towerush: i know right
(18:31 / All) i-DONT-towerush: gg u win
(18:36 / All) wetz42: yeah
(18:38 / All) wetz42: sry nubs
(18:45 / All) wetz42: wasnt fair
(18:54 / All) wetz42: close tho better luck next time